Map: Romanticide LE

Players

Denver - Winner!

  • Race: Zerg Zerg
  • League: Grandmaster

Kas

  • Race: Terran Terran
  • League: Grandmaster

Event: DreamHack SC2 Masters 2021 Summer

VOD

Have the link to the VOD?

Description

Time

  • Played on: May 19, 2021, 1:34 p.m.
  • Length: 10:05

All games in this series

Show
View Real Time Build Order
Export as new Build Order

Denver Zerg - Winner!

Build Orders: Hatch First, Muta Ling Bane 

Get SALT Encoding   

  12  0:00  Drone  
  13  0:13  Overlord  
  13  0:18  Drone  
  14  0:31  Drone x2  
  16  0:49  Hatchery  
  15  0:51  Drone  
  15  0:55  Drone  
  17  0:59  Drone  
  18  1:09  Extractor  
  17  1:14  Spawning Pool  
  17  1:18  Drone  
  17  1:22  Drone  
  18  1:30  Drone  
  19  1:40  Drone  
  20  1:50  Overlord  
  20  2:01  Queen x2  
  20  2:02  Zergling x4  
  26  2:10  Metabolic Boost  
  26  2:14  Drone x2  
  28  2:22  Drone x2  
  30  2:30  Spore Crawler  
  30  2:34  Drone  
  31  2:45  Hatchery, Drone  
  31  2:49  Overlord  
  31  2:52  Drone  
  31  2:58  Drone x2  
  34  3:03  Queen  
  36  3:09  Drone x2  
  36  3:11  Drone x2  
  40  3:16  Overlord  
  40  3:20  Drone x2  
  40  3:25  Queen  
  44  3:28  Overlord  
  44  3:36  Drone  
  44  3:39  Queen  
  47  3:42  Overlord  
  47  3:45  Overlord  
  47  3:46  Drone  
  47  3:47  Drone  
  49  3:50  Drone x2  
  51  3:58  Queen  
  51  4:02  Lair  
  53  4:04  Drone x2  
  53  4:05  Extractor  
  53  4:08  Drone x2  
  56  4:12  Drone x2  
  56  4:13  Drone  
  56  4:14  Drone  
  60  4:20  Drone x3  
  60  4:23  Extractor  
  62  4:25  Extractor  
  62  4:26  Drone  
  62  4:32  Drone  
  62  4:33  Drone  
  62  4:34  Drone x3  
  67  4:40  Drone x2  
  67  4:44  Drone  
  70  4:49  Drone x3  
  70  4:50  Overlord, Baneling Nest  
  73  4:52  Drone  
  73  4:56  Extractor  
  73  4:57  Extractor  
  71  5:02  Drone x3  
  71  5:04  Drone  
  71  5:06  Drone  
  78  5:07  Drone x2, Spire  
  78  5:10  Zergling x2  
  78  5:13  Queen  
  80  5:14  Queen  
  80  5:16  Zergling x4  
  80  5:17  Zergling x6  
  80  5:19  Overlord  
  87  5:22  Overlord  
  87  5:24  Overlord  
  87  5:28  Overlord  
  87  5:34  Drone x3  
  90  5:40  Zergling x10  
  95  5:47  Baneling  
  95  5:48  Baneling x4  
  95  5:53  Zergling x10  
  95  5:54  Baneling x3  
  95  5:56  Overlord  
  86  6:20  Mutalisk x10  
  86  6:22  Hatchery  
  86  6:24  Centrifical Hooks  
  103  6:28  Evolution Chamber x2  
  103  6:31  Drone x6  
  105  6:37  Zergling x4  
  105  6:38  Zergling x2  
  108  6:44  Zergling x2  
  108  6:46  Zergling x2  
  110  6:51  Zergling x2  
  111  6:54  Zerg Ground Armor Level 1, Zerg Melee Weapons Level 1  
  111  6:57  Zergling x4  
  111  7:01  Zergling x8  
  111  7:03  Baneling x6  
  111  7:05  Baneling x4  
  111  7:06  Baneling  
  111  7:07  Zergling x2  
  116  7:12  Hatchery  
  116  7:13  Zergling x2  
  116  7:14  Zergling x2  
  117  7:16  Zerg Flyer Weapons Level 1  
  117  7:17  Overlord  
  117  7:20  Zergling x6  
  120  7:27  Mutalisk x4  
  120  7:29  Overlord  
  125  7:33  Zergling x4  
  123  7:42  Drone x4, Overlord  
  123  7:47  Mutalisk x3  
  123  7:49  Zergling x2  
  123  7:50  Zergling x8  
  134  7:55  Mutalisk  
  134  8:03  Mutalisk  
  136  8:09  Zergling x8  
  136  8:10  Baneling x7  
  136  8:11  Baneling  
  140  8:13  Overlord  
  140  8:14  Overlord  
  140  8:16  Zergling x2  
  140  8:17  Zergling x12  
  145  8:21  Baneling x7  
  145  8:23  Overlord  
  145  8:24  Zergling x2  
  145  8:25  Zergling x2, Overlord  
  132  8:34  Zergling x2  
  132  8:35  Overlord  
  132  8:36  Baneling x8  
  116  8:41  Zergling x2  
  116  8:42  Zergling x10  
  116  8:46  Zergling x12  
  121  8:50  Mutalisk  
  122  8:57  Drone x4  
  122  8:59  Queen  
  122  9:02  Overseer  
  123  9:04  Drone x2  
  123  9:05  Drone  
  123  9:08  Hatchery  
  123  9:09  Baneling x4  
  125  9:10  Extractor  
  125  9:16  Drone x3  
  126  9:18  Zergling x10  
  131  9:33  Zergling x14  
  131  9:35  Baneling  
  131  9:36  Baneling x4  
  134  9:47  Zergling x14  
  134  9:48  Zergling x8  
  134  9:52  Extractor  
  142  9:53  Extractor  
Show
View Real Time Build Order
Export as new Build Order

Kas Terran 

Build Orders: Reaper Expand 

Get SALT Encoding   

  12  0:00  SCV  
  13  0:12  SCV  
  14  0:17  Supply Depot  
  14  0:24  SCV  
  15  0:38  SCV  
  15  0:39  Barracks  
  16  0:44  Refinery  
  16  0:50  SCV  
  17  1:02  SCV  
  18  1:14  SCV  
  19  1:27  Orbital Command, Reaper  
  20  1:39  Command Center  
  20  1:52  SCV, Supply Depot  
  21  2:05  SCV  
  22  2:10  Marine  
  22  2:15  Factory  
  23  2:17  SCV  
  24  2:34  Barracks Reactor  
  24  2:37  SCV  
  24  2:39  Command Center  
  25  2:49  SCV  
  26  2:53  Orbital Command  
  26  3:00  Barracks  
  26  3:04  SCV  
  27  3:16  Barracks Tech Lab, Hellion  
  27  3:17  SCV, Hellion  
  27  3:19  SCV  
  33  3:25  Refinery  
  33  3:29  SCV  
  33  3:31  SCV  
  35  3:36  Marine, Stimpack  
  36  3:41  SCV  
  36  3:43  SCV  
  43  3:53  Orbital Command, SCV  
  43  3:54  Marine  
  40  3:55  SCV  
  40  3:59  Factory Reactor  
  40  4:00  Marine x2  
  40  4:02  Starport  
  43  4:05  SCV  
  43  4:07  SCV  
  45  4:12  Marine  
  46  4:18  SCV, Marine x2  
  46  4:19  SCV  
  46  4:20  SCV  
  51  4:28  Supply Depot x2  
  51  4:29  Marine  
  51  4:30  SCV  
  53  4:32  SCV  
  53  4:35  Marine  
  53  4:36  SCV, Hellion, Marine  
  53  4:37  Hellion  
  61  4:40  Armory  
  61  4:49  SCV, Marine, Medivac  
  61  4:50  SCV  
  61  4:51  Refinery, Supply Depot  
  61  4:52  SCV  
  67  4:53  Supply Depot  
  67  4:58  Marine  
  67  4:59  Marine  
  71  5:00  Hellion x2  
  71  5:01  SCV  
  74  5:09  SCV  
  74  5:10  Orbital Command  
  74  5:13  Marine  
  76  5:16  Marine  
  76  5:17  Supply Depot  
  76  5:18  Engineering Bay  
  76  5:19  Engineering Bay, Combat Shield  
  77  5:22  Marine  
  77  5:25  Hellion x2  
  77  5:27  SCV x2  
  84  5:31  Marine  
  84  5:32  Refinery  
  84  5:34  Marine  
  86  5:37  SCV  
  86  5:39  SCV  
  86  5:40  Marine  
  86  5:42  Starport Reactor  
  89  5:43  SCV  
  89  5:49  Marine  
  91  5:51  SCV  
  91  5:52  Marine, Terran Infantry Weapons Level 1  
  91  5:56  Terran Infantry Armor Level 1  
  93  5:58  Marine  
  93  5:59  Barracks  
  90  6:06  Marine  
  90  6:10  Marine  
  90  6:11  Hellion  
  82  6:12  SCV  
  82  6:13  SCV  
  82  6:14  SCV  
  82  6:16  Marine  
  82  6:18  Barracks  
  85  6:19  Barracks  
  85  6:24  SCV, Marine  
  85  6:25  SCV  
  88  6:26  SCV  
  88  6:27  Marine  
  88  6:31  Medivac x2  
  93  6:34  Marine  
  93  6:35  Widow Mine x2, Supply Depot  
  93  6:36  Supply Depot  
  93  6:37  Supply Depot  
  93  6:38  SCV  
  99  6:42  Marine  
  99  6:45  Marine  
  101  6:48  Barracks Reactor  
  101  6:55  Marine  
  101  6:56  SCV  
  101  6:58  SCV  
  101  7:00  Marine  
  103  7:01  Widow Mine  
  103  7:02  SCV  
  103  7:03  Factory, Marine  
  103  7:04  Widow Mine, Medivac x2  
  103  7:07  Barracks Reactor x2  
  103  7:08  SCV  
  114  7:10  SCV, Missile Turret  
  114  7:13  Marine  
  114  7:14  Missile Turret  
  114  7:15  SCV  
  116  7:17  Missile Turret  
  116  7:18  Marine  
  116  7:21  Marine  
  111  7:23  Widow Mine  
  111  7:25  Missile Turret  
  111  7:27  Marine x2  
  111  7:29  SCV x2  
  98  7:31  Marine  
  98  7:33  Supply Depot  
  98  7:35  Marine  
  93  7:39  Marine  
  93  7:40  SCV  
  93  7:41  SCV  
  94  7:45  Marine x2  
  94  7:48  SCV, Factory Tech Lab  
  94  7:49  Marine  
  94  7:50  Marine  
  99  7:51  Missile Turret  
  99  7:53  Marine  
  99  7:57  Marine  
  101  8:02  Marine  
  101  8:03  Marine  
  103  8:08  SCV  
  104  8:13  SCV, Marine  
  104  8:18  Marine  
  105  8:20  SCV  
  101  8:33  Marine  
  91  8:37  SCV x2  
  75  8:43  Marine  
  75  8:44  Marine x6  
  75  8:46  Widow Mine x2, SCV  
  79  8:49  Marine  
  79  8:50  Marine  
  76  8:58  SCV x2  
  76  9:01  SCV, Marine x3  
  76  9:02  Marine x4  
  73  9:07  Marine  
  73  9:08  Marine  
  76  9:10  SCV x2  
  76  9:13  SCV  
  77  9:18  Widow Mine x2  
  77  9:19  Marine x3  
  77  9:22  Marine  
  77  9:23  Marine x2  
  85  9:24  SCV  
  85  9:25  SCV, Marine  
  85  9:27  Widow Mine  
  90  9:32  SCV  
  90  9:33  Marine x2  
  90  9:36  SCV  
  90  9:37  Marine  
  95  9:39  Widow Mine x2  
  106  9:53  SCV  
Tags
 
Add a new tag
Caveats
  • Supply blocks, unpowered buildings, or Contaminate may cause inaccurate times.
  • Supply counts are checked every 10 seconds.